 Dungeon Crawl Stone Soup version 0.29.1-4-g47bece8355 (webtiles) character file.

Game seed: 3089569215485940884

3422 safid the Skirmisher (level 9, -10/81 HPs)
             Began as a Minotaur Hunter on Dec 6, 2022.
             Was an Elder of Okawaru.
             Mangled by a gnoll sergeant
             ... wielding a +0 bardiche
              (19 damage)
             ... in a bailey on Dec 7, 2022.
             The game lasted 00:20:14 (9225 turns).

safid the Skirmisher (Minotaur Hunter)              Turns: 9225, Time: 00:20:15

Health: -10/81     AC:  7    Str: 16    XL:     9   Next: 76%
Magic:  3/8        EV: 11    Int:  6    God:    Okawaru [****..]
Gold:   314        SH:  0    Dex: 18    Spells: 8/8 levels left

rFire   . . .      SeeInvis .   a - +0 shortbow
rCold   + . .      Faith    .   (shield currently unavailable)
rNeg    . . .      Spirit   .   j - +2 ring mail {rC+}
rPois   .          Reflect  .   (helmet restricted)
rElec   .          Harm     .   (no cloak)
rCorr   +          Rampage  .   (no gloves)
Will    .....                   (no boots)
Stlth   +.........              (no amulet)
HPRegen 0.23/turn               h - +4 ring of slaying
MPRegen 0.11/turn               b - ring of resist corrosion

@: finesse-ful, weakened, hasted, very quick
A: horns 2, retaliatory headbutt
a: Renounce Religion, Heroism, Finesse


You were in a bailey.
You worshipped Okawaru.
Okawaru was greatly pleased with you.
You visited 2 branches of the dungeon, and saw 9 of its levels.
You also visited: Bailey.

You collected 336 gold pieces.
You spent 22 gold pieces at shops.

Inventory:

Hand Weapons
 a - a +0 shortbow (weapon)
Missiles
 e - 3 javelins
Armour
 j - a +2 ring mail of cold resistance (worn)
Jewellery
 b - a ring of resist corrosion (right hand)
 h - a +4 ring of slaying (left hand)
Wands
 g - a wand of roots (4)
 o - a wand of flame (10)
Scrolls
 d - a scroll of fear
 n - a scroll of blinking
 p - a scroll of enchant weapon
 r - 3 scrolls of teleportation
Potions
 c - a potion of degeneration {unknown}
 f - 3 potions of lignification
 i - a potion of curing
 l - 2 potions of haste
 m - 3 potions of mutation {unknown}
 s - 2 potions of resistance


   Skills:
 - Level 8.0 Fighting
 + Level 14.1 Ranged Weapons
 - Level 2.1 Dodging
 - Level 0.7 Stealth


You had 8 spell levels left.
You didn't know any spells.
Your spell library contained the following spells:

 Spells                   Type           Power      Damage    Failure   Level
 Static Discharge         Conj/Air       0%         3-3/arc   82%         2
 Ignite Poison            Fire/Tmut/Pois 0%         N/A       96%         3
 Mephitic Cloud           Conj/Pois/Air  0%         N/A       96%         3
 Portal Projectile        Hex/Tloc       0%         N/A       96%         3
 Dispel Undead            Necr           0%         3d6       100%        4
 Passage of Golubria      Tloc           0%         N/A       100%        4
 Sticky Flame             Conj/Fire      0%         2d3       100%        4
 Blade Hands              Tmut           0%         N/A       100%        5
 Freezing Cloud           Conj/Ice/Air   0%         6-21      100%        5
 Yara's Violent Unravell  Hex/Tmut       0%         3d3       100%        5
 Tukima's Dance           Hex            Unusable   N/A       N/A         3

Dungeon Overview and Level Annotations

Branches:
Dungeon (8/15)             Temple (1/1) D:4          Bailey (1/1)
   Lair: D:8-11

Altars:
Ashenzari
Cheibriados
Dithmenos
Fedhas
Gozag
Hepliaklqana
Kikubaaqudgha
Makhleb
Nemelex Xobeh
Okawaru
Qazlal
Ru
Sif Muna
Trog
Uskayaw
Vehumet
Wu Jian
Xom
Yredelemnul
Zin
The Shining One

Shops:
D:2 :**   D:3 (

Annotations:
D:5 3 runed translucent doors, fishmans's ghost, novice MiBe


Innate Abilities, Weirdness & Mutations

You have a pair of horns on your head.
You reflexively headbutt those who attack you in melee.


Message History

Fire: a) +0 shortbow
Press: ? - help, Q - select action, (/) - cycle Shift-Dir - straight line, f/p - gnoll sergeant
Aim: a gnoll sergeant, wielding a +0 bardiche and wearing a +0 chain mail (lightly wounded, covering ground quickly, 81% to hit)
You shoot an arrow.
The arrow barely misses the gnoll sergeant.
The arrow hits the gnoll bouda.
The gnoll bouda is heavily wounded.
You feel yourself speed up.
The gnoll bouda gazes fiercely through you!
You feel your attacks grow feeble. The gnoll sergeant barely misses you.
Fire: a) +0 shortbow
Press: ? - help, Q - select action, (/) - cycle Shift-Dir - straight line, f/p - gnoll sergeant
Aim: a gnoll sergeant, wielding a +0 bardiche and wearing a +0 chain mail (lightly wounded, covering ground quickly, 81% to hit)
You shoot an arrow.
The arrow barely misses the gnoll sergeant.
The arrow hits the gnoll bouda!
You kill the gnoll bouda!
Okawaru accepts your kill. The gnoll sergeant closely misses you.
Fire: a) +0 shortbow
Press: ? - help, Q - select action, (/) - cycle Shift-Dir - straight line, f/p - gnoll sergeant
Aim: a gnoll sergeant, wielding a +0 bardiche and wearing a +0 chain mail (lightly wounded, covering ground quickly, 81% to hit)
You shoot an arrow.
The arrow hits the gnoll sergeant but does no damage.
The gnoll sergeant is lightly wounded.
Fire: a) +0 shortbow
Press: ? - help, Q - select action, (/) - cycle Shift-Dir - straight line, f/p - gnoll sergeant
Aim: a gnoll sergeant, wielding a +0 bardiche and wearing a +0 chain mail (lightly wounded, covering ground quickly, 81% to hit)
You shoot an arrow.
The arrow hits the gnoll sergeant but does no damage.
The gnoll sergeant is lightly wounded.
The gnoll sergeant is no longer moving quickly.
Fire: a) +0 shortbow
Press: ? - help, Q - select action, (/) - cycle Shift-Dir - straight line, f/p - gnoll sergeant
Aim: a gnoll sergeant, wielding a +0 bardiche and wearing a +0 chain mail (lightly wounded, 81% to hit)
You shoot an arrow. The arrow hits the gnoll sergeant!
The gnoll sergeant is severely wounded.
The gnoll sergeant hits you from afar with a +0 bardiche!!
You die...

♣♣≈≈...# ♣.≈..#
♣♣.≈..# ♣♣..≈..#
♣...≈..# ♣...≈..#
♣♣...≈..##### .
#♣♣♣.......'...#gg
#@†gg...)..'...'..
#♣♣♣.......'(..#g.
♣♣...≈..##### .
♣♣..≈..# ♣..≈..#
♣..≈..# ♣♣.≈..#
♣.≈..#


You could see a gnoll sergeant and a gnoll (swift).

Vanquished Creatures
  Sigmund (D:4)
  Eustachio (D:4)
  4 orc warriors
  2 ice beasts
  2 phantoms
  2 kobold brigands
  A bullfrog (D:7)
  3 scorpions
  2 necrophages
  4 gnoll sergeants
  2 wights (D:5)
  5 killer bees (D:5)
  2 howler monkeys
  A crimson imp (D:4)
  9 hounds
  9 orc priests
  4 jellies
  2 gnoll boudas
  Jessica (D:2)
  5 iguanas
  Natasha (D:2)
  5 orc wizards
  5 adders
  4 gnolls (Bailey)
  3 white imps
  2 ufetubi
  2 worms
  3 dart slugs
  20 orcs
  9 ball pythons
  8 bats
  10 endoplasms
  6 giant cockroaches
  4 hobgoblins
  15 kobolds
  3 quokkas
  4 frilled lizards
  A gnoll zombie (D:5)
  14 goblins
  2 rats
  A rat zombie (D:5)
184 creatures vanquished.

Notes
Turn   | Place    | Note
-------+----------+-------------------------------------------
     0 | D:1      | safid the Minotaur Hunter began the quest for the Orb.
     0 | D:1      | Reached XP level 1. HP: 18/18 MP: 0/0
   159 | D:1      | Reached XP level 2. HP: 22/25 MP: 1/1
   709 | D:1      | Reached XP level 3. HP: 31/31 MP: 2/2
   754 | D:1      | Reached skill level 5 in Ranged Weapons
  1015 | D:2      | Noticed Jessica
  1017 | D:2      | Killed Jessica
  1037 | D:2      | Reached XP level 4. HP: 40/40 MP: 3/3
  1082 | D:2      | Found Ovilur's General Store.
  1230 | D:2      | Found Esmaem's Book Shop.
  1232 | D:2      | Noticed Natasha
  1235 | D:2      | Killed Natasha
  1246 | D:2      | Found Kidghast's General Store.
  1251 | D:2      | Bought a scroll of identify for 22 gold pieces
  1352 | D:2      | Found a faded altar of an unknown god.
  1499 | D:3      | Reached XP level 5. HP: 47/47 MP: 4/4
  1603 | D:3      | Reached skill level 5 in Fighting
  1603 | D:3      | Reached skill level 6 in Ranged Weapons
  1736 | D:3      | Found a snail-covered altar of Cheibriados.
  1869 | D:3      | Found Zoimagac's Weapon Boutique.
  1958 | D:3      | Found a shadowy altar of Dithmenos.
  2198 | D:4      | Reached XP level 6. HP: 57/57 MP: 5/5
  2406 | D:4      | Noticed Sigmund
  2407 | D:4      | Noticed Eustachio
  2729 | D:4      | Identified the +2 robe of the Old World {Str-5 Int+10}
  3180 | D:4      | Found a staircase to the Ecumenical Temple.
  3189 | Temple   | Entered the Ecumenical Temple
  3277 | Temple   | Became a worshipper of Warmaster Okawaru
  3333 | D:4      | Killed Eustachio
  3334 | D:4      | Reached skill level 7 in Ranged Weapons
  3334 | D:4      | Reached XP level 7. HP: 63/64 MP: 6/6
  3594 | D:4      | Killed Sigmund
  3594 | D:4      | Reached * piety under Okawaru
  3681 | D:5      | Entered Level 5 of the Dungeon
  3769 | D:4      | Reached skill level 8 in Ranged Weapons
  4059 | D:5      | Reached XP level 8. HP: 74/74 MP: 7/7
  4076 | D:5      | Reached skill level 9 in Ranged Weapons
  4167 | D:5      | Reached ** piety under Okawaru
  4475 | D:5      | Reached skill level 10 in Ranged Weapons
  5985 | D:5      | Found a runed translucent gate.
  5986 | D:5      | Found a runed translucent gate.
  5987 | D:5      | Found a runed translucent gate.
  6041 | D:5      | Found a shimmering blue altar of Sif Muna.
  6567 | D:5      | Noticed fishmans's ghost (novice MiBe)
  6671 | D:6      | Reached skill level 11 in Ranged Weapons
  6735 | D:6      | Found a glowing silver altar of Zin.
  6825 | D:6      | Reached *** piety under Okawaru
  6837 | D:6      | Reached XP level 9. HP: 81/81 MP: 8/8
  7024 | D:6      | Found a bloodstained altar of Trog.
  7039 | D:6      | Reached skill level 12 in Ranged Weapons
  7966 | D:7      | Reached skill level 13 in Ranged Weapons
  8747 | D:8      | Reached **** piety under Okawaru
  9005 | D:8      | Found a flagged portal.
  9021 | Bailey   | Entered a bailey
  9205 | Bailey   | Reached skill level 14 in Ranged Weapons
  9212 | Bailey   | HP: 4/81 [gnoll sergeant/+0 bardiche (20)]
  9225 | Bailey   | Mangled by a gnoll sergeant

Illustrated notes

Levels and vault maps discovered:
D:1:      scummos_arrival_simple_fountains, layout_loops_corners,
          minmay_liquid_box
D:2:      layout_basic, serial_shops, shop, nicolae_shop_stone, shop,
          shapermc_ecumenical_altar_hornbeckon, uniq_natasha, uniq_jessica
D:3:      layout_basic, lemuel_tele_altar, mainiacjoe_overflow_catwalk,
          serial_shops, shop
D:4:      kennysheep_six_static_rooms, layout_basic,
          minmay_temple_entry_offerings, minmay_fire_ice_demons, uniq_eustachio,
          uniq_sigmund
D:5:      layout_layer_cave, lemuel_crystal_altar, gammafunk_ghost_necromancy,
          enter_ossuary_3, sword_in_stone
D:6:      layout_basic, zin_statuary, trog_butcher_becter
D:7:      minmay_evil_eye, layout_basic
D:8:      layout_basic, elyvilon_altar_3, enter_bailey_5, fungi_pond_lemuel
Temple:   kb_temple_of_zot
Bailey:   bailey_polearm_gnolls_kennysheep, bailey

Skill      XL: |  1  2  3  4  5  6  7  8  9 |
---------------+----------------------------+-----
Fighting       | 3 4 5 6 8 |  8.0
Ranged Weapons | 5 6 7 8 11 14 | 14.1
Dodging        | |  2.1
Stealth        | |  0.7

Action                   |  1- 3 |  4- 6 |  7- 9 || total
-------------------------+-------+-------+-------++-------
Melee: Shortbow          |       |     1 |       ||     1
 Fire: Shortbow          |    87 |   138 |   421 ||   646
Invok: Heroism           |       |       |     1 ||     1
       Finesse           |       |       |     1 ||     1
  Use: Scroll            |       |       |     9 ||     9
       Potion            |       |       |     8 ||     8
Armor: Scale mail        |    16 |       |       ||    16
       Ring mail         |       |    20 |    68 ||    88
Dodge: Dodged            |    14 |    14 |   152 ||   180
